Map: 2000 Atmospheres LE

Players

A.I. 1 (Medium)

  • Race: Terran Terran
  • Spawn Location: 3:00

ProtusPlayer - Winner!

  • Race: Zerg Zerg
  • League: Master
  • Spawn Location: 7:00

VOD

Have the link to the VOD?

Description

Time

  • Played on: July 4, 2022, 9:43 p.m.
  • Length: 7:22
Show
View Real Time Build Order
Export as new Build Order

A.I. 1 (Medium) Terran 

Build Orders: 2 Factory 

Get SALT Encoding   

  12  0:00  SCV  
  13  0:13  SCV  
  14  0:18  Supply Depot  
  14  0:25  SCV  
  15  0:40  SCV  
  15  0:42  Barracks  
  16  0:52  SCV  
  18  1:04  SCV  
  18  1:14  Command Center  
  18  1:31  Orbital Command  
  18  1:32  Marine  
  19  1:37  Supply Depot  
  19  1:44  Refinery  
  19  1:49  Marine  
  20  1:57  SCV  
  20  1:58  Barracks  
  21  2:07  Refinery  
  21  2:10  SCV  
  22  2:17  Marine  
  22  2:22  SCV  
  24  2:34  SCV  
  24  2:35  Barracks Tech Lab  
  25  2:42  SCV  
  26  2:46  SCV  
  27  2:53  Engineering Bay  
  27  2:55  Marauder  
  29  3:00  Barracks Tech Lab, Refinery  
  29  3:07  Refinery  
  29  3:13  Factory  
  29  3:17  Marauder  
  31  3:22  SCV  
  31  3:26  Marauder  
  34  3:29  Factory, SCV  
  35  3:34  SCV  
  35  3:41  Marine, SCV  
  36  3:46  SCV  
  38  3:55  Supply Depot  
  38  3:56  Factory Tech Lab, Marine  
  39  4:03  Starport  
  39  4:11  Reaper, SCV  
  39  4:13  Factory Tech Lab  
  39  4:14  SCV  
  42  4:23  SCV  
  43  4:26  Marine, SCV  
  45  4:32  Supply Depot  
  45  4:35  SCV  
  46  4:39  SCV, Medivac  
  46  4:43  Marine  
  50  4:47  SCV  
  50  4:51  SCV  
  51  4:56  Marine  
  51  4:59  SCV  
  53  5:03  Supply Depot, SCV  
  54  5:11  Marine, SCV  
  56  5:24  SCV  
  56  5:25  Medivac  
  56  5:26  Marine  
  60  5:29  SCV  
  60  5:30  Supply Depot  
  61  5:37  SCV  
  61  5:41  Marauder  
  64  5:47  Missile Turret  
  64  5:52  Missile Turret, SCV  
  64  5:56  Supply Depot, Starport Tech Lab, SCV  
  66  5:57  Marauder  
  54  6:04  SCV  
  47  6:12  Reaper  
  47  6:13  SCV  
  37  6:27  Hellion  
  16  6:50  SCV  
  16  6:53  Hellion  
Show
View Real Time Build Order
Export as new Build Order

ProtusPlayer Zerg - Winner!

Build Orders: Hatch First 

Get SALT Encoding   

  12  0:00  Drone  
  13  0:12  Overlord  
  13  0:20  Drone  
  14  0:31  Drone x2  
  16  0:38  Drone  
  17  0:52  Hatchery  
  17  0:55  Drone  
  17  0:58  Drone  
  18  1:08  Extractor  
  17  1:13  Spawning Pool  
  17  1:16  Drone  
  17  1:19  Drone  
  18  1:28  Drone  
  19  1:39  Drone  
  20  1:50  Overlord  
  20  2:00  Queen  
  22  2:03  Queen  
  22  2:04  Zergling x4  
  26  2:12  Drone  
  26  2:15  Metabolic Boost  
  27  2:17  Drone  
  27  2:21  Drone  
  29  2:26  Drone  
  30  2:33  Overlord  
  30  2:36  Queen  
  30  2:39  Queen  
  30  2:42  Drone  
  35  2:45  Drone  
  35  2:51  Overlord  
  36  2:55  Drone  
  36  2:57  Drone  
  38  3:04  Drone  
  41  3:12  Drone x2  
  41  3:13  Drone x5  
  41  3:19  Lair  
  46  3:22  Drone  
  46  3:24  Drone  
  48  3:31  Extractor  
  48  3:32  Extractor  
  48  3:33  Overlord  
  46  3:34  Extractor  
  46  3:36  Drone  
  46  3:44  Drone x6  
  52  3:51  Overlord x2  
  52  4:02  Drone x2  
  54  4:14  Zergling x14  
  61  4:20  Hydralisk Den  
  61  4:22  Drone  
  61  4:24  Evolution Chamber  
  61  4:25  Drone  
  61  4:31  Overlord  
  61  4:49  Muscular Augments  
  61  4:51  Zerg Missile Weapons Level 1, Hydralisk x7  
  75  4:56  Overlord  
  75  5:00  Hydralisk  
  75  5:06  Hydralisk x3  
  83  5:10  Overlord  
  83  5:15  Hydralisk  
  83  5:16  Hydralisk  
  83  5:17  Zergling x2  
  83  5:18  Zergling x2  
  89  5:25  Zergling x2  
  90  5:36  Zergling x10  
  90  5:41  Zergling x2  
  90  5:42  Zergling x4  
  98  5:43  Hatchery  
  98  5:45  Overlord  
  98  5:49  Overlord  
  92  5:58  Zergling x4  
  92  6:02  Grooved Spines  
  89  6:08  Hydralisk x4  
  97  6:16  Zergling x8  
  100  6:22  Zergling x2  
  101  6:28  Overlord  
  101  6:34  Hydralisk x2  
  101  6:35  Hydralisk x2, Zergling x2  
  101  6:36  Zergling x2  
  101  6:37  Zergling x2  
  112  6:54  Hydralisk x3  
  112  6:59  Zergling x4  
Tags
 
Add a new tag
Caveats
  • Supply blocks, unpowered buildings, or Contaminate may cause inaccurate times.
  • Supply counts are checked every 10 seconds.